 Dungeon Crawl Stone Soup version 0.25.0-33-gff14898491 (webtiles) character file.

Game seed: 5941994089569556450

1160 AvylaarBelgium the Thaumaturge (level 8, -8/41 HPs)
             Began as a Deep Elf Earth Elementalist on July 7, 2020.
             Mangled by a warg (13 damage)
             ... on level 8 of the Dungeon.
             The game lasted 00:10:13 (4445 turns).

AvylaarBelgium the Thaumaturge (DEEE)               Turns: 4445, Time: 00:10:14

Health: -8/41      AC:  7    Str:  5    XL:     8   Next: 16%
Magic:  23/23      EV: 13    Int: 23    God:
Gold:   319        SH:  0    Dex: 15    Spells: 14/25 levels left

rFire    . . .     SeeInvis .   A - +2 quarterstaff (chaos)
rCold    . . .     Gourm    .   (shield currently unavailable)
rNeg     . . .     Faith    .   c - +0 robe
rPois    .         Spirit   .   q - +2 helmet
rElec    .         Reflect  .   B - +0 cloak
rCorr    .         Harm     .   (no gloves)
MR       +....     Rnd*Tele +   x - +0 pair of boots
Stlth    ++........             (no amulet)
HPRegen  0.13/turn              a - ring of teleportation (curse)
MPRegen  0.18/turn              n - ring of flight

@: stab, flying, very slightly contaminated, invisible
A: talons 1, magic resistance 1
a: no special abilities


You were on level 8 of the Dungeon.
You were not hungry.

You visited 1 branch of the dungeon, and saw 6 of its levels.
You also visited: Sewer.

You collected 319 gold pieces.

Inventory:

Hand Weapons
 u - a +1 short sword of venom
 A - a +2 quarterstaff of chaos (weapon)
Missiles
 b - 31 stones (quivered)
 y - 19 poisoned darts
 F - 7 boomerangs
Armour
 c - a +0 robe (worn)
 f - a +0 pair of boots
 q - a +2 helmet (worn)
 t - a +1 ring mail of magic resistance
 x - a +0 pair of boots (worn)
 B - a +0 cloak (worn)
Jewellery
 a - a cursed ring of teleportation (left hand)
 n - a ring of flight (right hand)
Scrolls
 g - 5 scrolls of identify {unknown}
 h - 7 scrolls of remove curse {unknown}
 j - a scroll of magic mapping {unknown}
 p - 2 scrolls of random uselessness {unknown}
 w - 2 scrolls of blinking {unknown}
 C - 3 scrolls of fear {unknown}
 D - 3 scrolls of teleportation {unknown}
 E - a scroll of amnesia {unknown}
Potions
 e - 3 potions of invisibility
 i - a potion of lignification {unknown}
 k - a potion of ambrosia {unknown}
 l - 2 potions of degeneration {unknown}
 m - 2 potions of flight
 o - a potion of heal wounds {unknown}
 r - a potion of stabbing
 v - 2 potions of brilliance {unknown}
 z - a potion of mutation
Comestibles
 d - 6 rations


   Skills:
 - Level 2.4 Dodging
 - Level 2.4 Stealth
 + Level 9.4 Spellcasting
 - Level 1.1 Transmutations
 + Level 8.2 Earth Magic


You had 14 spell levels left.
You knew the following spells:

 Your Spells              Type           Power        Failure   Level  Hunger
a - Sandblast             Erth           #####.       1%          1    None
b - Lee's Rapid Deconstr  Erth           #####.....   5%          5    ####...
c - Stone Arrow           Conj/Erth      ####..       3%          3    None
d - Passwall              Tmut/Erth      ####....     1%          2    None

Your spell library contained the following spells:

 Spells                   Type           Power        Failure   Level  Hunger
 Animate Skeleton         Necr           N/A          6%          1    None
 Apportation              Tloc           ##....       6%          1    None
 Corona                   Hex            ##.....      6%          1    None
 Summon Small Mammal      Summ           ##..         6%          1    None
 Petrify                  Tmut/Erth      ####....     9%          4    ##.....


Dungeon Overview and Level Annotations

Branches:
Dungeon (5/15)               Lair (0/6) D:8           Sewer (visited)
 Temple: D:4-7

Altars:
Elyvilon
Xom


Innate Abilities, Weirdness & Mutations

You have sharp toenails.
You are resistant to hostile enchantments. (MR+)


Message History

The warg barely misses you.
You are very lightly contaminated with residual magic.
Press: ? - help, v - describe, . - travel
Here: a warg The floor.
It was a potion of flight.
You feel very buoyant.
You fly up into the air.
The warg closely misses you.
It was a potion of stabbing.
You feel ready to backstab. The warg bites you.
* * * LOW HITPOINT WARNING * * *
The warg pauses to sniff the ground.
The warg closely misses you.
It was a potion of mutation.
You feel extremely strange.
Your toenails lengthen and sharpen.
You feel a little pissed off.
You feel resistant to hostile enchantments.
You feel a little more calm. The warg bites you!
You die...

## # #...# #. .#
##.....## .###.
#.......# ..#.
#.P..P..## #..
.........# #.#
.........###@#
....>...h.##h######
.......o...ho.......
......o.o#o#####....
#..o....##o# ..
#.......##..
##.....###... ##...#
#.... ##.# #....#


You could see 2 wargs, an orc warrior (wandering), an orc priest and an orc.

Vanquished Creatures
  An unseen horror (D:8)
  An ogre (D:4)
  A hound (D:4)
  A jelly (D:8)
  Crazy Yiuf (D:3)
  An orc wizard (D:5)
  A bullfrog skeleton (D:5)
  Jessica (D:2)
  2 iguanas (D:4)
  Natasha (thrice) (D:3)
  A worker ant (D:8)
  Robin (D:2)
  6 adders
  3 oozes (Sewer)
  6 worms
  3 dart slugs
  5 leopard geckos
  6 orcs
  4 ball pythons
  12 bats
  6 giant cockroaches
  16 goblins
  9 hobgoblins
  9 jackals
  A quokka (D:4)
  6 frilled lizards
  A jackal skeleton (D:4)
  7 kobolds
  5 rats
120 creatures vanquished.

Notes
Turn   | Place    | Note
-------+----------+-------------------------------------------
     0 | D:1      | AvylaarBelgium the Deep Elf Earth Elementalist began the
                  | quest for the Orb.
     0 | D:1      | Reached XP level 1. HP: 10/10 MP: 6/6
   510 | D:1      | Reached XP level 2. HP: 15/15 MP: 6/8
  1253 | D:2      | Noticed Jessica
  1254 | D:2      | Found a shimmering altar of Xom.
  1257 | D:2      | Killed Jessica
  1257 | D:2      | Reached skill level 4 in Spellcasting
  1257 | D:2      | Reached XP level 3. HP: 19/19 MP: 5/10
  1355 | D:2      | Reached XP level 4. HP: 22/24 MP: 5/12
  1468 | D:2      | Found a white marble altar of Elyvilon.
  1514 | D:2      | Noticed Robin
  1516 | D:2      | Killed Robin
  1516 | D:2      | Reached skill level 5 in Spellcasting
  2331 | D:3      | Noticed Natasha
  2337 | D:3      | Killed Natasha
  2337 | D:3      | Reached skill level 5 in Earth Magic
  2337 | D:3      | Reached XP level 5. HP: 17/28 MP: 12/15
  2346 | D:3      | Learned a level 5 spell: Lee's Rapid Deconstruction
  2350 | D:3      | Learned a level 3 spell: Stone Arrow
  2353 | D:3      | Learned a level 2 spell: Passwall
  2401 | D:3      | Noticed Natasha
  2407 | D:3      | Killed Natasha
  2622 | D:3      | Found a faded altar of an unknown god.
  2623 | D:3      | Noticed Natasha
  2627 | D:3      | Killed Natasha
  2627 | D:3      | Reached skill level 6 in Spellcasting
  3009 | D:3      | Found a runed translucent door.
  3010 | D:3      | Noticed Crazy Yiuf
  3016 | D:3      | Killed Crazy Yiuf
  3070 | D:4      | Found a glowing drain.
  3089 | D:4      | Reached XP level 6. HP: 32/32 MP: 13/17
  3092 | Sewer    | Entered a sewer
  3795 | D:4      | Reached skill level 7 in Spellcasting
  4180 | D:5      | Entered Level 5 of the Dungeon
  4207 | D:5      | Reached XP level 7. HP: 32/36 MP: 13/20
  4276 | D:5      | You fall into a shaft and drop 3 floors!
  4286 | D:8      | Killed an unseen horror
  4286 | D:8      | Reached skill level 9 in Spellcasting
  4286 | D:8      | Reached XP level 8. HP: 16/41 MP: 1/23
  4435 | D:8      | Found a staircase to the Lair.
  4445 | D:8      | Gained mutation: You have sharp toenails. [potion of
                  | mutation]
  4445 | D:8      | Gained mutation: You tend to lose your temper in combat.
                  | [potion of mutation]
  4445 | D:8      | Gained mutation: You are resistant to hostile enchantments.
                  | (MR+) [potion of mutation]
  4445 | D:8      | Lost mutation: You tend to lose your temper in combat.
                  | [potion of mutation]
  4445 | D:8      | Mangled by a warg

Illustrated notes

Levels and vault maps discovered:
D:1:      dpeg_arrival_circle_labyrinth_c, layout_basic
D:2:      layout_basic, lemuel_round_altar, marbit_many_paths,
          grunt_decor_resistance, uniq_robin, uniq_jessica
D:3:      layout_rooms, chequers_ecumenical_altar_island, uniq_natasha,
          uniq_crazy_yiuf_cottage
D:4:      layout_cave_pools, first_ration, cheibrodos_sewer_entry_drain
D:5:      layout_basic
D:8:      layout_loops_cross, chequers_temple_overflow_statue_of_worship,
          erik_lair_orcish_takeover, minmay_misc_feat_iff, uniq_psyche

Skill      XL: |  1  2  3  4  5  6  7 |
---------------+----------------------+-----
Spellcasting   | 4 5 6 7 9 |  9.4
Earth Magic    | 4 5 6 8 |  8.2
Dodging        | |  2.4
Stealth        | |  2.4
Transmutations | |  1.1

Action                   |  1- 3 |  4- 6 |  7- 9 || total
-------------------------+-------+-------+-------++-------
Melee: Unarmed           |     2 |       |       ||     2
       Short sword       |     4 |    50 |       ||    54
       Quarterstaff      |       |    35 |     2 ||    37
 Cast: Sandblast         |    27 |   101 |    12 ||   140
       Stone Arrow       |       |       |     2 ||     2
       Lee's Rapid Decon |       |       |     2 ||     2
  Use: Scroll            |       |       |     1 ||     1
       Potion            |       |       |     4 ||     4
 Stab: Sleeping          |     1 |     3 |       ||     4
       Paralysed         |       |     1 |       ||     1
  Eat: Chunk             |     1 |     9 |     2 ||    12
Armor: Robe              |     4 |    71 |     7 ||    82
Dodge: Dodged            |    14 |   167 |     8 ||   189
